 Dungeon Crawl Stone Soup version 0.31-a0-229-g1fc7ce93e2 (webtiles) character file.

Game seed: 9141599459285012357

205 qw the Shooter (level 5, 0/32 HPs)
             Began as a Gargoyle Hexslinger on July 6, 2023.
             Slain by a gnoll
             ... wielding a +3 whip
              (5 damage)
             ... on level 3 of the Dungeon.
             The game lasted 00:01:06 (2309 turns).

qw the Shooter (Gargoyle Hexslinger)                Turns: 2309, Time: 00:01:06

Health: 0/32       AC: 10    Str: 11    XL:     5   Next: 83%
Magic:  0/6        EV: 10    Int: 14    God:
Gold:   162        SH:  0    Dex: 14    Spells: 5/6 levels left

rFire   . . .        Y - +2 sling
rCold   . . .        (no shield)
rNeg    + . .        d - +0 ring mail
rPois   inf          (no helmet)
rElec   +            h - +0 cloak
rCorr   .            (no gloves)
SInv    .            (no boots)
Will    .....        b - amulet of guardian spirit
Stlth   +            (no ring)
HPRegen 0.25/turn    (no ring)
MPRegen 0.10/turn

%: guardian spirit
@: no status effects
A: sickness immunity, AC +4, negative energy resistance 1, electricity
resistance, torment resistance 1, petrification resistance
a: no special abilities


You were on level 3 of the Dungeon.
You visited 1 branch of the dungeon, and saw 3 of its levels.

You collected 162 gold pieces.


Innate Abilities, Weirdness & Mutations

You are immune to sickness and miasma.
Your stone body is resilient. (AC +4)
You are immune to poison.
You resist negative energy. (rN+)
You are resistant to electric shocks. (rElec)
You are resistant to unholy torment.
You are immune to petrification.


   Skills:
 - Level 3.0 Fighting
 + Level 5.0 Ranged Weapons
 - Level 1.1 Armour
 - Level 1.5 Dodging
 - Level 1.0 Spellcasting
 - Level 2.6 Hexes


You had 5 spell levels left.
You knew the following spells:

 Your Spells              Type           Power      Damage    Failure   Level
a - Slow                  Hex            32%        N/A       21%         1

Your spell library contained the following spells:

 Spells                   Type           Power      Damage    Failure   Level
 Inner Flame              Hex/Fire       4%         N/A       71%         3
 Portal Projectile        Hex/Tloc       8%         N/A       71%         3
 Cause Fear               Hex            4%         N/A       90%         4

Inventory:

Hand Weapons
 Y - a +2 sling (weapon)
Armour
 d - a +0 ring mail (worn)
 h - a +0 cloak (worn)
Jewellery
 b - an amulet of guardian spirit (around neck)
Scrolls
 a - 4 scrolls of identify
 e - a scroll of blinking {unknown}
Potions
 c - a potion of curing {unknown}
 f - a potion of heal wounds {unknown}
 g - a potion of resistance {unknown}
 i - a potion of mutation {unknown}

Dungeon Overview and Level Annotations

Branches:
Dungeon (3/15)

Altars:
Cheibriados

Shops:
D:1 :

Annotations:
D:2 1 runed translucent door, Crazy Yiuf


Message History

The gnoll is moderately wounded.
The gnoll hits you but does no damage. x2
A gnoll comes into view. It is wielding a +3 whip.
You shoot a sling bullet.
The sling bullet barely misses the gnoll.
The gnoll hits you with a +0 whip.
The gnoll hits you from afar with a +0 spear. x2
The gnoll hits you with a +0 whip. The gnoll barely misses you.
The gnoll hits you but does no damage.
You shoot a sling bullet. The sling bullet hits the gnoll.
The gnoll is heavily wounded.
The gnoll hits you with a +0 whip.
The gnoll hits you from afar with a +0 spear.
The gnoll hits you with a +3 whip. The gnoll hits you but does no damage.
You shoot a sling bullet. The sling bullet hits the gnoll.
The gnoll is almost dead.
The gnoll misses you. The gnoll hits you but does no damage.
The gnoll closely misses you. The gnoll barely misses you.
You shoot a sling bullet. The sling bullet hits the gnoll.
You kill the gnoll!
The gnoll hits you but does no damage. The gnoll closely misses you.
Your Fighting skill increases to level 3!
You shoot a sling bullet.
The sling bullet hits the gnoll but does no damage.
The gnoll completely misses you. The gnoll hits you but does no damage.
The gnoll hits you from afar with a +0 spear.
You shoot a sling bullet.
The sling bullet barely misses the gnoll.
The gnoll hits you with a +3 whip.
The gnoll hits you but does no damage. x2
The gnoll hits you with a +3 whip. The gnoll closely misses you.
The gnoll hits you from afar with a +0 spear.
You shoot a sling bullet. The sling bullet hits the gnoll.
The gnoll is moderately wounded.
The gnoll hits you but does no damage.
The gnoll hits you from afar with a +0 spear.
The gnoll closely misses you.
You shoot a sling bullet. The sling bullet hits the gnoll.
The gnoll is heavily wounded.
The gnoll hits you with a +3 whip.
You die...

####..#.#....#....
#..###..#.#....
#.......#.#....
#.......#.#....
#.......#.#....
####.......#.####.
#####..'..............
#.....##..............
#...g@########.##.....
#.....)g.# #.#######
#....g##.# #.# #(...##
# #.# ...... #.#
#.##### #.# #. ...


You could see 3 gnolls.

Vanquished Creatures
  Natasha (twice) (D:2)
  A gnoll (D:3)
  7 adders
  4 worms
  3 ball pythons
  9 endoplasms
  3 giant cockroaches
  4 goblins
  7 hobgoblins
  2 jackals (D:2)
  A quokka (D:2)
  14 bats
  4 frilled lizards
  5 kobolds
  10 rats
76 creatures vanquished.

Notes
Turn   | Place    | Note
-------+----------+-------------------------------------------
     0 | D:1      | qw the Gargoyle Hexslinger began the quest for the Orb.
     0 | D:1      | Reached XP level 1. HP: 12/12 MP: 2/2
     0 | D:1      | 0 ||| qw: Version: 0.3-a-46-gb1f654a
     0 | D:1      | 0 ||| qw: Game counter: 1296
     0 | D:1      | 0 ||| qw: Melee chars always use a shield: true
     0 | D:1      | 0 ||| qw: God list: Okawaru
     0 | D:1      | 0 ||| qw: Allow faded altars: false
     0 | D:1      | 0 ||| qw: Do Orc after clearing Dungeon:15 true
     0 | D:1      | 0 ||| qw: Do second Lair branch before Depths: true
     0 | D:1      | 0 ||| qw: Lair rune preference: random
     0 | D:1      | 0 ||| qw: Goals: Normal
     0 | D:1      | 0 ||| PLANNING D:1-11
    20 | D:1      | HP: 3/12 [hobgoblin (2)]
   141 | D:1      | Reached XP level 2. HP: 16/16 MP: 3/3
   247 | D:1      | Reached skill level 3 in Ranged Weapons
   334 | D:1      | Reached XP level 3. HP: 21/21 MP: 4/4
   661 | D:1      | Found Benen's Book Boutique.
   770 | D:1      | 770 ||| UPGRADING to +0 ring mail.
   780 | D:1      | 780 ||| DROPPING +0 robe.
   781 | D:1      | 781 ||| READING scroll labelled AQEBUM BEBBI.
   782 | D:1      | 782 ||| DROPPING scroll of poison.
  1013 | D:2      | Reached XP level 4. HP: 22/26 MP: 5/5
  1015 | D:2      | Reached skill level 4 in Ranged Weapons
  1209 | D:2      | Reached skill level 1 in Armour
  1241 | D:2      | Noticed Natasha
  1255 | D:2      | HP: 4/26 [Natasha (4)]
  1256 | D:2      | Killed Natasha
  1469 | D:2      | Noticed Natasha
  1479 | D:2      | Killed Natasha
  1480 | D:2      | Reached XP level 5. HP: 28/30 MP: 6/6
  1771 | D:2      | Found a runed translucent door.
  1772 | D:2      | Noticed Crazy Yiuf
  1775 | D:2      | 1775 ||| UPGRADING to +0 cloak.
  1780 | D:2      | 1780 ||| UPGRADING to amulet of guardian spirit.
  1785 | D:2      | 1785 ||| READING 2 scrolls labelled BUENNEMARPHY.
  1786 | D:2      | 1786 ||| READING scroll labelled BIYM NIMOMN.
  1787 | D:2      | 1787 ||| READING scroll labelled ZUH YNUUCY.
  1788 | D:2      | 1788 ||| READING scroll labelled LYORPH GAISAIM.
  1853 | D:3      | Reached skill level 5 in Ranged Weapons
  1977 | D:3      | Found a snail-covered altar of Cheibriados.
  2306 | D:3      | Reached skill level 3 in Fighting
  2307 | D:3      | HP: 8/32 [gnoll/+3 whip (5)]
  2309 | D:3      | Slain by a gnoll

Levels and vault maps discovered:
D:1:      onia_arrival_mini_maze, layout_basic, serial_shops, shop
D:2:      layout_loops_cross, uniq_crazy_yiuf_cottage, uniq_natasha
D:3:      layout_basic, slow_altar_1

Skill      XL: |  1  2  3  4  5 |
---------------+----------------+-----
Ranged Weapons | 3 4 5 |  5.0
Fighting       | 2 3 |  3.0
Armour         | 1 |  1.1
Dodging        | |  1.5
Spellcasting   | |  1.0
Hexes          | |  2.6

Action                     |  1- 3 |  4- 6 || total
---------------------------+-------+-------++-------
   Fire: Sling             |   147 |   160 ||   307
    Use: Scroll            |     1 |     4 ||     5
 Armour: Robe              |    20 |       ||    20
         Ring mail         |    13 |    59 ||    72
  Dodge: Dodged            |    42 |    73 ||   115

Table legend:
 A = Non-vault XP
 B = Vault XP
 C = Vault XP percentage of total XP
 D = Non-vault monster count
 E = Vault monster count
 F = Vault count percentage of total count
                 A         B        C        D         E       F
            +---------+---------+-------+---------+---------+-------
      Total |     254 |      40 |  13.6 |      74 |       2 |   2.6
            +---------+---------+-------+---------+---------+-------
        D:1 |      52 |       0 |   0.0 |      34 |       0 |   0.0
        D:2 |     133 |      35 |  20.8 |      26 |       1 |   3.7
        D:3 |      69 |       5 |   6.8 |      14 |       1 |   6.7
            +---------+---------+-------+---------+---------+-------
